 Dungeon Crawl Stone Soup version 0.28-b1-25-g9875b3fc8c (webtiles) character file.

Game seed: 8994295554670665002

1439 Armakuni the Skirmisher (level 9, -2/74 HPs)
             Began as a Human Artificer on Feb 5, 2022.
             Slain by a troll (7 damage)
             ... on level 6 of the Dungeon.
             The game lasted 00:17:37 (8009 turns).

Armakuni the Skirmisher (Human Artificer)           Turns: 8009, Time: 00:17:38

Health: -2/74      AC:  9    Str: 14    XL:     9   Next: 3%
Magic:  9/9        EV: 11    Int: 12    God:
Gold:   278        SH:  0    Dex: 14    Spells: 8/8 levels left

rFire   . . .      SeeInvis .   a - +4 quarterstaff (chaos)
rCold   . . .      Faith    .   (shield currently unavailable)
rNeg    . . .      Spirit   .   p - +0 scale mail
rPois   .          Reflect  .   (helmet restricted)
rElec   .          Harm     .   j - +0 cloak
rCorr   .          Rampage  .   (no gloves)
Will    .....                   h - +0 pair of boots
Stlth   ..........              (no amulet)
HPRegen 0.22/turn               (no ring)
MPRegen 0.11/turn               (no ring)

@: studying Air Magic
A: antennae 1, dopey 1, robust 1
a: no special abilities


You were on level 6 of the Dungeon.
You visited 1 branch of the dungeon, and saw 6 of its levels.

You collected 278 gold pieces.

Inventory:

Hand Weapons
 a - a +4 quarterstaff of chaos (weapon)
 c - a +0 quarterstaff
 n - the +3 war axe of Linycrou {vorpal, rPois Str+2 Dex+4}
   (You found it on level 5 of the Dungeon)

   It inflicts extra damage upon your enemies.
   Str:       It affects your strength (+2).
   Dex:       It affects your dexterity (+4).
   rPois:     It protects you from poison.
Missiles
 i - 2 throwing nets (quivered)
Armour
 h - a +0 pair of boots (worn)
 j - a +0 cloak (worn)
 p - a +0 scale mail (worn)
Wands
 d - a wand of flame (1)
 g - a wand of polymorph (14)
Scrolls
 f - a scroll of summoning
 k - a scroll of magic mapping
 l - a scroll of torment
 o - 2 scrolls of immolation
Potions
 m - a potion of lignification
Miscellaneous
 x - a piece from Xom's chessboard (11/15)


   Skills:
 - Level 5.0 Fighting
 + Level 4.5 Staves
 - Level 5.0 Armour
 - Level 5.0 Dodging
 - Level 1.0 Stealth
 - Level 5.0 Evocations


You had 8 spell levels left.
You didn't know any spells.
Your spell library contained the following spells:

 Spells                   Type           Power      Damage    Failure   Level
 Magic Dart               Conj           0%         1d3       77%         1
 Call Imp                 Summ           0%         N/A       88%         2
 Mephitic Cloud           Conj/Pois/Air  0%         N/A       98%         3


Dungeon Overview and Level Annotations

Branches:
Dungeon (6/15)
 Temple: D:4-7

Altars:
Xom

Shops:
D:3 =   D:5 [


Innate Abilities, Weirdness & Mutations

You have a pair of small antennae on your head.
You are dopey. (Int -2)
You are robust. (+10% HP)


Message History

Aim: a troll (74% to hit)
The puff of flame hits the troll!
The troll is lightly wounded.
Aiming: Throw Flame
Press: ? - help, Shift-Dir - straight line, f/p - troll
Aim: a troll (lightly wounded, 74% to hit)
The puff of flame hits the troll.
The troll is lightly wounded.
You hit the troll.
The troll is moderately wounded.
The troll bites you but does no damage. The troll misses you.
The troll claws you.
You sock the troll!
You feel better.
The troll is moderately wounded.
The troll bites you but does no damage. The troll claws you!
The troll barely misses you.
You sock the troll!
The troll is heavily wounded.
The troll bites you! The troll claws you but does no damage.
The troll claws you!
You sock the troll! You freeze the troll.
The troll is almost dead.
The troll bites you! The troll closely misses you.
The troll claws you but does no damage.
You hit the troll. You burn the troll.
The troll is almost dead.
The troll bites you!
* * * LOW HITPOINT WARNING * * *
The troll claws you but does no damage. The troll claws you.
* * * LOW HITPOINT WARNING * * *
The troll barely misses you. The troll claws you.
* * * LOW HITPOINT WARNING * * *
The troll closely misses you.
Aiming: Throw Flame
Press: ? - help, Shift-Dir - straight line, f/p - troll
Aim: a troll (almost dead, 74% to hit)
The puff of flame hits the troll.
The troll is almost dead.
The troll bites you!
You die...

#....# #....#
#....# #....+
#....# #....#
#.†..#
+##+##†...#######
.......@T....((..
..............(..
.........>.......
......####.......
...... .......
...... .......
...... .......
..... .......
....


You could see a troll.

Vanquished Creatures
  The ghost of Jazqba the Chiller, an amateur HOIE of Beogh (D:4)
  2 necrophages
  2 centaurs (D:5)
  An ogre (D:4)
  3 scorpions
  A water moccasin skeleton (D:4)
  2 jellies (D:5)
  A hound (D:4)
  A bullfrog zombie (D:6)
  2 orc priests (D:4)
  Natasha (thrice) (D:2)
  An iguana (D:5)
  An orc wizard (D:4)
  A hound skeleton (D:5)
  2 howler monkey zombies (D:5)
  7 adders
  5 gnolls
  2 dart slugs
  6 orcs
  10 endoplasms
  3 giant cockroaches
  6 goblins
  7 hobgoblins
  8 jackals
  3 quokkas
  5 ball pythons
  2 bats (D:1)
  3 frilled lizards
  5 kobolds
  8 rats
104 creatures vanquished.

Vanquished Creatures (collateral kills)
  An ogre (D:5)
  4 gnolls
  2 orcs (D:4)
7 creatures vanquished.

Vanquished Creatures (others)
  2 gnolls
  2 withered plants (D:4)
4 creatures vanquished.

Grand Total: 115 creatures vanquished

Notes
Turn   | Place    | Note
-------+----------+-------------------------------------------
     0 | D:1      | Armakuni the Human Artificer began the quest for the Orb.
     0 | D:1      | Reached XP level 1. HP: 15/15 MP: 1/1
   471 | D:1      | Reached XP level 2. HP: 22/22 MP: 2/2
   661 | D:1      | Found a faded altar of an unknown god.
  1021 | D:1      | Reached XP level 3. HP: 22/28 MP: 3/3
  1725 | D:2      | Reached XP level 4. HP: 23/37 MP: 4/4
  2254 | D:2      | Reached XP level 5. HP: 11/43 MP: 5/5
  2482 | D:2      | Found a shimmering altar of Xom.
  2483 | D:2      | Noticed Natasha
  2490 | D:2      | Killed Natasha
  2696 | D:2      | Noticed Natasha
  2727 | D:2      | Killed Natasha
  2728 | D:2      | Reached skill level 5 in Fighting
  2768 | D:2      | Noticed Natasha
  2782 | D:2      | Killed Natasha
  3248 | D:3      | Reached XP level 6. HP: 22/51 MP: 6/6
  3517 | D:3      | Found Locvo's Jewellery Emporium.
  4163 | D:4      | Found a runed translucent door.
  4167 | D:4      | Noticed Jazqba's ghost (amateur HOIE)
  4529 | D:4      | Gained mutation: You are robust. (+10% HP) [potion of
                  | mutation]
  4529 | D:4      | Gained mutation: You are dopey. (Int -2) [potion of
                  | mutation]
  4529 | D:4      | Gained mutation: You have a pair of small antennae on your
                  | head. [potion of mutation]
  4571 | D:4      | Reached XP level 7. HP: 17/23 MP: 7/7
  5217 | D:4      | HP: 1/30 [orc (4)]
  6144 | D:4      | Killed Jazqba's ghost
  6204 | D:5      | Entered Level 5 of the Dungeon
  6383 | D:5      | Reached XP level 8. HP: 57/61 MP: 8/8
  6624 | D:5      | Reached skill level 5 in Armour
  6653 | D:5      | Reached skill level 5 in Dodging
  6657 | D:5      | Reached skill level 5 in Evocations
  6966 | D:5      | Found a runed translucent door.
  6967 | D:5      | Noticed Crazy Yiuf
  6971 | D:5      | Noticed Crazy Yiuf
  6971 | D:5      | Crazy Yiuf changed into Crazy Yiuf the endoplasm
  6975 | D:5      | Killed Crazy Yiuf the endoplasm
  7017 | D:5      | Reached skill level 1 in Staves
  7081 | D:5      | Identified the +3 war axe of Linycrou {vorpal, rPois Str+2
                  | Dex+4}
  7086 | D:5      | Found Xinkozag's Armour Shoppe.
  7559 | D:5      | Identified a scroll of acquirement
  7559 | D:5      | Acquired a manual of Air Magic
  7881 | D:6      | Reached XP level 9. HP: 68/74 MP: 9/9
  7997 | D:6      | Noticed a troll
  8009 | D:6      | Slain by a troll

Illustrated notes

Levels and vault maps discovered:
D:1:      shiori_arrival_oz, layout_loops_cross,
          shapermc_ecumenical_altar_ellora, minmay_liquid_box, minmay_tromino_i2
D:2:      layout_loops_ring, basic_altar, grunt_ministairs_11, uniq_natasha
D:3:      layout_basic, serial_shops, shop, lemuel_old_faithful
D:4:      layout_gridville, gammafunk_ghost_grave, minmay_statues_item,
          grunt_decor_clamped
D:5:      layout_cave_pools, serial_shops, nicolae_inconvenience_store,
          st_stairs_14, kennysheep_windowed_goal, uniq_crazy_yiuf_cottage
D:6:      layout_gridville

Skill      XL: |  1  2  3  4  5  6  7  8 |
---------------+-------------------------+-----
Fighting       | 2 3 4 5 |  5.0
Dodging        | 3 4 5 |  5.0
Armour         | 3 4 5 |  5.0
Evocations     | 5 |  5.0
Staves         | 4 |  4.5
Stealth        | |  1.0

Action                   |  1- 3 |  4- 6 |  7- 9 || total
-------------------------+-------+-------+-------++-------
Melee: Short sword       |    76 |    52 |    45 ||   173
       Club              |     4 |       |       ||     4
       Whip              |       |   139 |       ||   139
       Punch             |       |     3 |     1 ||     4
       Dagger            |       |       |    71 ||    71
       Quarterstaff      |       |       |    53 ||    53
Throw: Dart              |    18 |    17 |    10 ||    45
       Throwing net      |       |     1 |       ||     1
Evoke: Wand              |     6 |    18 |    20 ||    44
       Piece from Xom's  |     3 |    12 |     1 ||    16
  Use: Scroll            |     2 |     3 |     4 ||     9
       Potion            |     1 |     7 |       ||     8
 Stab: Sleeping          |     4 |     2 |       ||     6
       Petrified         |     7 |    25 |       ||    32
       Confused          |       |     1 |       ||     1
Armor: Leather armour    |    21 |    25 |       ||    46
       Skin              |       |    24 |       ||    24
       Scale mail        |       |    19 |    85 ||   104
Dodge: Dodged            |    44 |    92 |   100 ||   236
